 Dungeon Crawl Stone Soup version 0.32-a0-131-g9dbbe29261 (webtiles) character file.

Game seed: 13634194260632197690

231 Newt the Slasher (level 6, -13/51 HPs)
             Began as a Barachi Fighter on Feb 8, 2024.
             Mangled by an orc warrior
             ... wielding a +0 scimitar
              (21 damage)
             ... on level 4 of the Dungeon.
             The game lasted 00:02:27 (2006 turns).

Newt the Slasher (Barachi Fighter)                  Turns: 2006, Time: 00:02:27

Health: -13/51     AC:  9    Str: 19    XL:     6   Next: 3%
Magic:  6/6        EV:  9    Int:  9    God:
Gold:   150        SH:  4    Dex: 11    Spells: 5/5 levels left

rFire   . . .        g - +0 falchion (vamp)
rCold   . . .        c - +0 buckler
rNeg    . . .        b - +0 scale mail
rPois   .            (no helmet)
rElec   .            (no cloak)
rCorr   .            p - +0 pair of gloves
SInv    .            n - +0 pair of boots
Will    .....        (no amulet) Stlth
                     (no ring)
HPRegen 0.28/turn    (no ring)
MPRegen 0.10/turn

%: no passive effects
@: mighty, unable to hop, slow
A: amphibious, slowness 1, strong legs 1, +LOS
a: Hop


You were on level 4 of the Dungeon.
You visited 1 branch of the dungeon, and saw 4 of its levels.

You collected 150 gold pieces.

Inventory:

Hand Weapons
 a - a +0 long sword
 g - a +0 vampiric falchion (weapon)
Missiles
 h - 5 datura-tipped darts
Armour
 b - a +0 scale mail (worn)
 c - a +0 buckler (worn)
 n - a +0 pair of boots (worn)
 p - a +0 pair of gloves (worn)
Scrolls
 e - a scroll of silence {unknown}
 j - a scroll of teleportation {unknown}
 l - a scroll of acquirement {unknown}
 m - a scroll of fear {unknown}
 o - a scroll of vulnerability {unknown}
 q - a scroll of amnesia {unknown}
 r - 2 scrolls of poison {unknown}
 y - a scroll of blinking {unknown}
Potions
 d - a potion of might
 f - 2 potions of magic
 i - a potion of curing {unknown}
 k - a potion of haste {unknown}
 s - a potion of brilliance {unknown}
 t - 2 potions of resistance {unknown}
 u - a potion of enlightenment {unknown}
 v - a potion of degeneration {unknown}
 x - a potion of lignification {unknown}


   Skills:
 + Level 5.4 Fighting
 * Level 6.1 Long Blades
 - Level 3.6 Armour
 - Level 3.2 Shields


You had 5 spell levels left.
You didn't know any spells.
Your spell library was empty.

Dungeon Overview and Level Annotations

Branches:
Dungeon (4/15)
 Temple: D:4-7

Altars:
Dithmenos
Trog

Shops:
D:1 *   D:2 =   D:3 (

Annotations:
D:3 2 transporters


Innate Abilities, Weirdness & Mutations

You are amphibious.
You cover ground slowly.
You can hop short distances.
You have an extended range of vision and can be seen from far away.


Message History

You feel a bit more experienced.
The orc barely misses the orc warrior.
The orc warrior hits the orc with a +0 scimitar.
The orc dies!
Unknown command.
The orc warrior hits something with a +0 scimitar!
You feel a bit more experienced.
Unknown command.
The orc warrior closely misses you.
Unknown command.
Throw: 2 darts (curare)
Press: ? - help, Shift-Dir - straight line, f/p - orc warrior
Aim: an orc warrior, wielding a +0 scimitar and wearing a +0 plate armour (lightly wounded, fast, strong, frenzied and wild, 54% to hit)
You throw a curare-tipped dart.
The curare-tipped dart barely misses the orc warrior.
The orc warrior hits you with a +0 scimitar!
* * * LOW HITPOINT WARNING * * *
The orc warrior hits you with a +0 scimitar!
* * * LOW HITPOINT WARNING * * *
Unknown command.
Unknown command.
It was a potion of magic.
Magic courses through your body. The orc warrior barely misses you.
Okay, then.
Hop to where?
Press: ? - help, Q - select action, (/) - cycle Dir - move target, p - orc warrior Boing!
Unknown command.
The orc warrior shouts! x2
Found an escape hatch in the ceiling.
The orc warrior shouts!
Throw: dart (curare)
Press: ? - help, Shift-Dir - straight line, f - orc warrior
Aim: an orc warrior, wielding a +0 scimitar and wearing a +0 plate armour (lightly wounded, fast, strong, frenzied and wild, 54% to hit)
You throw a curare-tipped dart.
The curare-tipped dart hits the orc warrior.
The orc warrior is poisoned.
The orc warrior struggles to breathe.
The orc warrior seems to slow down.
The orc warrior is moderately wounded.
The orc warrior hits you with a +0 scimitar!!
You die...

######
##....##
##......##
#...##o..##
#...####@..#
<....## ##..#
##....## ..#
###.#...## ..#
### #......).#
.##
.ßo##<...#⌠.
##
..)((.#.......
.ß)##....####.
### .###.#


You could see a neutral orc warrior (fast, strong, frenzied, very poisoned,
slow).

Vanquished Creatures
  Blork the orc (D:4)
  Jessica (D:3)
  3 orc wizards
  An adder (D:2)
  3 dart slugs
  2 orcs (D:3)
  3 ball pythons (D:1)
  2 endoplasms
  2 goblins (D:1)
  4 hobgoblins
  A quokka (D:3)
  3 bats
  3 frilled lizards
  4 kobolds
  4 rats
37 creatures vanquished.

Vanquished Creatures (collateral kills)
  7 orcs (D:4)
7 creatures vanquished.

Grand Total: 44 creatures vanquished

Notes
Turn   | Place    | Note
-------+----------+-------------------------------------------
     0 | D:1      | Newt the Barachi Fighter began the quest for the Orb.
     0 | D:1      | Reached XP level 1. HP: 18/18 MP: 1/1
    82 | D:1      | Reached skill level 3 in Long Blades
    84 | D:1      | Found Ukki's Assorted Antiques.
   152 | D:1      | Reached XP level 2. HP: 25/25 MP: 2/2
   719 | D:2      | Found a faded altar of an unknown god.
   844 | D:2      | Found a bloodstained altar of Trog.
   848 | D:2      | Reached XP level 3. HP: 30/30 MP: 3/3
   898 | D:2      | Found Serasmarch's One-of-a-Kind Rings.
   995 | D:3      | Found a shadowy altar of Dithmenos.
  1045 | D:3      | Reached skill level 4 in Long Blades
  1045 | D:3      | Reached XP level 4. HP: 26/38 MP: 4/4
  1114 | D:3      | Found a transporter.
  1451 | D:3      | Found a transporter.
  1492 | D:3      | Noticed Jessica
  1504 | D:3      | Killed Jessica
  1566 | D:3      | Found Fuddaf's Weapon Boutique.
  1963 | D:4      | Noticed Blork the orc
  1964 | D:4      | Noticed an orc warrior
  1973 | D:4      | Reached skill level 5 in Long Blades
  1973 | D:4      | Reached XP level 5. HP: 42/43 MP: 5/5
  1985 | D:4      | Killed Blork the orc
  1986 | D:4      | Reached skill level 5 in Fighting
  1990 | D:4      | Reached skill level 6 in Long Blades
  1994 | D:4      | Reached XP level 6. HP: 26/51 MP: 6/6
  2006 | D:4      | Mangled by an orc warrior

Illustrated notes

Levels and vault maps discovered:
D:1:      dpeg_arrival_shelter, layout_loops_ring, serial_shops, shop,
          chequers_serial_rivers_micro_c
D:2:      layout_rooms, ebering_ecumenical_altar_abandoned, basic_altar,
          nicolae_shop_unique_rings, minmay_misc_feat_nine_boxes
D:3:      gammafunk_steamed_eel, layout_basic, nicolae_dithmenos_shadow_blocks,
          serial_shops, nicolae_shop_window_shopping, uniq_jessica
D:4:      layout_loops_cross, minmay_temple_entry_poolview,
          ebering_ghost_sewer_f, chequers_serial_rivers_small_3,
          serial_library_hellmonk_big_corner, pf_guarded_unrand_delatra,
          uniq_blork_the_orc, uniq_crazy_yiuf_cottage

Skill      XL: |  1  2  3  4  5 |
---------------+----------------+-----
Long Blades    | 3 4 5 6 |  6.1
Fighting       | 4 5 |  5.4
Armour         | |  3.6
Shields        | |  3.2

Action                     |  1- 3 |  4- 6 || total
---------------------------+-------+-------++-------
  Melee: Long sword        |    20 |       ||    20
         Falchion          |    47 |    54 ||   101
  Throw: Dart              |       |     3 ||     3
Ability: Hop               |       |     1 ||     1
    Use: Potion            |       |     2 ||     2
 Armour: Scale mail        |    43 |    53 ||    96
  Dodge: Dodged            |    36 |    24 ||    60
  Block: Buckler           |    17 |     8 ||    25

Table legend: (Time is in decaauts)
 A = Elapsed time spent in this place.
 B = Non-inter-level travel time spent in this place.
 C = Inter-level travel time spent in this place.
 D = Time resting spent in this place.
 E = Time spent auto-exploring this place.
 F = Levels seen in this place.
 G = Mean time per level.
                   A        B        C        D        E       F      G
               +--------+--------+--------+--------+--------+-----+--------+
         Total |   2373 |   2249 |    124 |      0 |   1867 |   4 |  593.2 |
       Dungeon |   2373 |   2249 |    124 |      0 |   1867 |   4 |  593.2 |
               +--------+--------+--------+--------+--------+-----+--------+

Top non-repeatable levels by time:
     D:3: 1154 daAuts
     D:1: 744 daAuts
     D:2: 428 daAuts
     D:4: 46 daAuts
